 Dungeon Crawl Stone Soup version 0.30-a0-172-gc5509c9e31 (webtiles) character file.

Game seed: 7820679522802849440

2733 qw the Cleaver (level 9, -5/55 HPs)
             Began as a Gargoyle Fighter on Oct 1, 2022.
             Was a Follower of Okawaru.
             Slain by a troll (9 damage)
             ... on level 8 of the Dungeon.
             The game lasted 00:02:24 (6754 turns).

qw the Cleaver (Gargoyle Fighter)                   Turns: 6754, Time: 00:02:25

Health: -5/55      AC: 20    Str: 24    XL:     9   Next: 67%
Magic:  7/10       EV:  9    Int:  9    God:    Okawaru [*.....]
Gold:   394        SH: 11    Dex:  9    Spells: 8/8 levels left

rFire   . . .      SeeInvis .    Y - +0 war axe (chaos)
rCold   . . .      Faith    .    k - +0 kite shield
rNeg    + . .      Spirit   .    g - +0 chain mail
rPois   inf        Reflect  .    h - +0 helmet
rElec   +          Harm     .    (no cloak)
rCorr   +          Rampage  .    (no gloves)
Will    .....                    p - +0 pair of boots
Stlth   ..........               (no amulet)
HPRegen 0.29/turn                m - ring of resist corrosion
MPRegen 0.12/turn                (no ring)

@: about to teleport, heroic
A: sickness immunity, AC +6, negative energy resistance 1, electricity
resistance, torment resistance 1, petrification resistance
a: Renounce Religion, Heroism


You were on level 8 of the Dungeon.
You worshipped Okawaru.
Okawaru was aware of your devotion.
You visited 2 branches of the dungeon, and saw 9 of its levels.

You collected 394 gold pieces.


Innate Abilities, Weirdness & Mutations

You are immune to sickness and miasma.
Your stone body is resilient. (AC +6)
You are immune to poison.
You resist negative energy. (rN+)
You are resistant to electric shocks. (rElec)
You are resistant to unholy torment.
You are immune to petrification.


   Skills:
 - Level 6.3(11.3) Fighting
 + Level 8.5(13.5) Axes
 - Level 1.1(6.1) Throwing
 - Level 4.1(9.1) Armour
 - Level 1.1(6.1) Dodging
 - Level 8.0(13.0) Shields
 + Level 2.5 Invocations


You had 8 spell levels left.
You didn't know any spells.
Your spell library was empty.

Inventory:

Hand Weapons
 i - a +2 vorpal flail
 Y - a +0 war axe of chaos (weapon)
Missiles
 n - 6 boomerangs (quivered)
Armour
 g - a +0 chain mail (worn)
 h - a +0 helmet (worn)
 k - a +0 kite shield (worn)
 p - a +0 pair of boots (worn)
Jewellery
 m - a ring of resist corrosion (left hand)
Scrolls
 e - 3 scrolls of identify
Potions
 a - 2 potions of attraction
 b - 3 potions of heal wounds
 c - 2 potions of lignification
 d - a potion of might
 f - a potion of cancellation
 j - 2 potions of curing
 l - a potion of mutation

Dungeon Overview and Level Annotations

Branches:
Dungeon (8/15)             Temple (1/1) D:7
   Lair: D:8-11

Altars:
Ashenzari
Cheibriados
Dithmenos
Elyvilon
Fedhas
Gozag
Hepliaklqana
Kikubaaqudgha
Makhleb
Nemelex Xobeh
Okawaru
Qazlal
Ru
Sif Muna
Trog
Vehumet
Wu Jian
Xom
Yredelemnul
Zin

Annotations:
D:3 3 runed translucent doors, qw's ghost, amateur GrFi


Message History

You feel a bit more experienced.
You closely miss the troll.
The troll is lightly wounded.
You feel like a meek peon again. The troll bites you but does no damage.
The troll closely misses you. You block the troll's attack.
6746 ||| INVOKING Heroism.
You gain the combat prowess of a mighty hero.
The troll bites you but does no damage. The troll barely misses you.
You block the troll's attack.
You slash the troll!
You feel better.
The troll is heavily wounded.
You block the troll's attack. The troll claws you but does no damage.
You block the troll's attack.
You completely miss the troll.
The troll is heavily wounded.
You block the troll's attack. x2; The troll barely misses you.
You slash the troll!
The troll seems to grow stronger.
The troll is severely wounded.
You block the troll's attack. x2; The troll claws you.
You hit the troll.
The troll is severely wounded.
The troll closely misses you. The troll claws you but does no damage.
The troll claws you!
You hit the troll.
The troll goes berserk!
The troll is severely wounded.
The troll bites you but does no damage. The troll claws you.
The troll claws you but does no damage.
You closely miss the troll.
The troll is severely wounded.
You block the troll's attack. The troll claws you.
You block the troll's attack.
You hit the troll. You freeze the troll.
The troll is severely wounded.
The troll closely misses you. x2; The troll barely misses you.
You block the troll's attack. The troll claws you! The troll claws you.
6754 ||| READING scroll of teleportation.
As you read the scroll of teleportation, it crumbles to dust.
You feel strangely unstable. You block the troll's attack. The troll claws you!
You die...

......###.........# .
....#.###........##.#
....#..##..#####.##.###.
....##....## #.#......
....##.....#####........
....#...##..).#.........
##.##..######...........
...... #..............
#............##@##....
....>##..###...T%# .
........ #....... ....
.. #......... .
.............
..#...?.......
.............?.
######..#.##.##


You could see a troll (berserk, strong).

Vanquished Creatures
  A hornet (D:7)
  Grinder (D:3)
  A wyvern (D:7)
  Eustachio (D:4)
  A steam dragon (D:8)
  Menkaure (D:6)
  Edmund (D:6)
  A water moccasin (D:7)
  An ice beast (D:5)
  2 ogres
  2 sky beasts (D:7)
  A centaur (D:3)
  Blork the orc (D:6)
  A bullfrog (D:6)
  2 necrophages (D:7)
  A scorpion (D:4)
  3 wights (D:8)
  3 hounds
  A jelly (D:6)
  6 iguanas
  An orc wizard (D:8)
  A gnoll (D:1)
  10 adders
  2 worms (D:3)
  2 dart slugs
  11 orcs
  9 ball pythons
  3 endoplasms
  2 giant cockroaches
  8 goblins
  11 hobgoblins
  4 jackals (D:3)
  3 quokkas
  5 bats
  4 frilled lizards
  6 kobolds
  8 rats
122 creatures vanquished.

Vanquished Creatures (others)
  A sky beast (D:8)
  An orc wizard (D:8)
  5 plants
  4 withered plants (D:1)
11 creatures vanquished.

Grand Total: 133 creatures vanquished

Notes
Turn   | Place    | Note
-------+----------+-------------------------------------------
     0 | D:1      | qw the Gargoyle Fighter began the quest for the Orb.
     0 | D:1      | Reached XP level 1. HP: 14/14 MP: 1/1
     0 | D:1      | 0 ||| qw: Version: 0.2-a-13-gfc7b4b4
     0 | D:1      | 0 ||| qw: Game counter: 1820
     0 | D:1      | 0 ||| qw: Always use a shield: true
     0 | D:1      | 0 ||| qw: God list: Okawaru
     0 | D:1      | 0 ||| qw: Allow faded altars: false
     0 | D:1      | 0 ||| qw: Do Orc after D:15 true
     0 | D:1      | 0 ||| qw: Do second Lair branch before Depths: true
     0 | D:1      | 0 ||| qw: Lair rune preference: random
     0 | D:1      | 0 ||| qw: Plans: Normal, Zot:1-4, God:TSO, Crypt, Tomb,
                  | Pan, Slime:5, Hells, Abyss, Orb
     0 | D:1      | 0 ||| PLANNING D:1-11
   133 | D:1      | 133 ||| Stepping ~*~*~tactically~*~*~ (stealth).
   149 | D:1      | Reached XP level 2. HP: 15/19 MP: 2/2
   205 | D:1      | 205 ||| Stepping ~*~*~tactically~*~*~ (stealth).
   212 | D:1      | Reached skill level 3 in Axes
   213 | D:1      | Reached XP level 3. HP: 13/23 MP: 3/3
   420 | D:1      | Found a faded altar of an unknown god.
   671 | D:1      | 671 ||| DROPPING +0 club.
   677 | D:1      | 677 ||| Stepping ~*~*~tactically~*~*~ (stealth).
   925 | D:1      | 925 ||| UPGRADING to +0 helmet.
   930 | D:1      | 930 ||| READING scroll labelled HAVVEZ XUAMM.
   931 | D:1      | 931 ||| READING 2 scrolls labelled POP KYNAD.
   932 | D:1      | 932 ||| READING scroll of brand weapon.
   932 | D:1      | 932 ||| BRANDING +0 war axe of freezing.
   933 | D:1      | 933 ||| READING scroll labelled QERUDA ES ZYTT.
   934 | D:1      | 934 ||| DRINKING 2 coppery potions.
   935 | D:1      | 935 ||| DRINKING 2 silvery potions.
  1207 | D:2      | You fall into a shaft and drop 2 floors!
  1327 | D:4      | Reached XP level 4. HP: 28/28 MP: 4/4
  1377 | D:4      | 1377 ||| UPGRADING to +0 chain mail.
  1387 | D:4      | 1387 ||| DROPPING +0 scale mail.
  1388 | D:4      | 1388 ||| READING scroll labelled JEAMAZ NUSE.
  1413 | D:3      | Reached XP level 5. HP: 31/32 MP: 5/5
  1456 | D:3      | Found a runed translucent gate.
  1456 | D:3      | Found a runed translucent gate.
  1456 | D:3      | Found a runed translucent gate.
  1456 | D:3      | Noticed qw's ghost (amateur GrFi)
  1542 | D:3      | Noticed Grinder
  1547 | D:3      | Paralysed by Grinder for 4 turns
  1551 | D:3      | Killed Grinder
  1552 | D:3      | Reached skill level 6 in Axes
  1552 | D:3      | Reached XP level 6. HP: 32/37 MP: 6/6
  1686 | D:3      | 1686 ||| UPGRADING to +0 pair of boots.
  1691 | D:3      | 1691 ||| DROPPING ring of wizardry.
  1692 | D:3      | 1692 ||| READING scroll labelled OBBOUNL UCIGINUI.
  1693 | D:3      | 1693 ||| READING scroll labelled IBU GUDOEH.
  1696 | D:3      | 1696 ||| READING scroll labelled LAKASIECASK.
  2307 | D:2      | 2307 ||| UPGRADING to ring of resist corrosion.
  2308 | D:2      | 2308 ||| READING 2 scrolls of identify.
  2308 | D:2      | 2308 ||| IDENTIFYING glowing red potion
  2490 | D:3      | 2490 ||| Stepping ~*~*~tactically~*~*~ (hiding).
  2509 | D:3      | Reached XP level 7. HP: 34/44 MP: 7/7
  2529 | D:3      | HP: 11/44 [something (3)]
  2539 | D:3      | HP: 5/44 [orc/+0 vampiric halberd (3)]
  2556 | D:3      | 2556 ||| Stepping ~*~*~tactically~*~*~ (stealth).
  2557 | D:3      | 2557 ||| Stepping ~*~*~tactically~*~*~ (stealth).
  2558 | D:3      | 2558 ||| Stepping ~*~*~tactically~*~*~ (stealth).
  2704 | D:3      | 2704 ||| Stepping ~*~*~tactically~*~*~ (stealth).
  2705 | D:3      | 2705 ||| Stepping ~*~*~tactically~*~*~ (stealth).
  2706 | D:3      | 2706 ||| Stepping ~*~*~tactically~*~*~ (stealth).
  2729 | D:3      | 2729 ||| DROPPING +0 mace.
  2774 | D:3      | Found a shimmering blue altar of Sif Muna.
  2774 | D:3      | Found a sparkling altar of Nemelex Xobeh.
  3042 | D:3      | 3042 ||| Stepping ~*~*~tactically~*~*~ (stealth).
  3053 | D:3      | 3053 ||| READING 4 scrolls of identify.
  3053 | D:3      | 3053 ||| IDENTIFYING lumpy green potion
  3054 | D:3      | 3054 ||| READING 3 scrolls of identify.
  3054 | D:3      | 3054 ||| IDENTIFYING gluggy clear potion
  3055 | D:3      | 3055 ||| DROPPING potion of invisibility.
  3056 | D:3      | 3056 ||| DROPPING potion of flight.
  3227 | D:4      | Found a shadowy altar of Dithmenos.
  3237 | D:4      | 3237 ||| Stepping ~*~*~tactically~*~*~ (stealth).
  3239 | D:4      | 3239 ||| Stepping ~*~*~tactically~*~*~ (stealth).
  3242 | D:4      | Reached skill level 1 in Dodging
  3462 | D:4      | Noticed Eustachio
  3489 | D:4      | Killed Eustachio
  3771 | D:4      | 3771 ||| DROPPING +0 whip of flaming.
  3920 | D:4      | 3920 ||| READING scroll labelled COLYCYFIOLL.
  3921 | D:4      | 3921 ||| READING scroll labelled LINOLE CIVIKI.
  4022 | D:4      | 4022 ||| READING 2 scrolls of identify.
  4022 | D:4      | 4022 ||| IDENTIFYING smoky inky potion
  4023 | D:4      | 4023 ||| DROPPING potion of ambrosia.
  4033 | D:5      | Entered Level 5 of the Dungeon
  4036 | D:5      | Reached skill level 1 in Throwing
  4036 | D:5      | Reached XP level 8. HP: 49/49 MP: 8/8
  4038 | D:5      | Found an opulent altar of Gozag.
  4785 | D:5      | 4785 ||| UPGRADING to +0 kite shield.
  4795 | D:5      | 4795 ||| DROPPING +0 buckler.
  4796 | D:5      | 4796 ||| READING 3 scrolls of identify.
  4796 | D:5      | 4796 ||| IDENTIFYING sedimented amethyst potion
  4797 | D:5      | 4797 ||| DROPPING potion of brilliance.
  4988 | D:6      | Noticed Blork the orc
  4998 | D:6      | Killed Blork the orc
  5068 | D:6      | Found a bloodstained altar of Trog.
  5070 | D:6      | Noticed Edmund
  5077 | D:6      | Killed Edmund
  5080 | D:6      | 5080 ||| DROPPING +0 flail.
  5239 | D:6      | Noticed Menkaure
  5246 | D:6      | Killed Menkaure
  5379 | D:6      | Reached skill level 6 in Shields
  5688 | D:6      | 5688 ||| READING scroll labelled ISUSCH TE UMUDE.
  5689 | D:6      | 5689 ||| DRINKING 2 metallic golden potions.
  5726 | D:7      | Found a staircase to the Ecumenical Temple.
  5727 | D:7      | 5727 ||| PLANNING TEMPLE
  5727 | D:7      | 5727 ||| STAIRDANCE
  5733 | D:7      | 5733 ||| STAIRDANCE
  5743 | D:7      | 5743 ||| FLEEEEING.
  5744 | D:7      | 5744 ||| STAIRDANCE
  5747 | D:7      | Noticed a hornet
  5748 | D:7      | 5748 ||| STAIRDANCE
  5765 | D:7      | 5765 ||| STAIRDANCE
  5780 | D:7      | 5780 ||| STAIRDANCE
  5791 | D:7      | Killed a hornet
  5792 | D:7      | Reached XP level 9. HP: 30/54 MP: 9/9
  5792 | D:7      | 5792 ||| STAIRDANCE
  5882 | Temple   | Entered the Ecumenical Temple
  5885 | Temple   | 5885 ||| PLANNING OKAWARU WORSHIP
  5967 | Temple   | Became a worshipper of Warmaster Okawaru
  5968 | Temple   | 5968 ||| PLANNING D:1-11
  6116 | D:7      | HP: 6/55 [something (14)]
  6120 | D:7      | Reached skill level 6 in Fighting
  6132 | D:7      | 6132 ||| FLEEEEING.
  6133 | D:7      | 6133 ||| FLEEEEING.
  6136 | D:7      | 6136 ||| STAIRDANCE
  6284 | D:6      | 6284 ||| READING scroll labelled KUUPLOL LUADUI.
  6285 | D:6      | 6285 ||| READING 4 scrolls of identify.
  6285 | D:6      | 6285 ||| IDENTIFYING murky brown potion
  6628 | D:7      | 6628 ||| READING scroll labelled KOIHIA YJURYRO.
  6671 | D:8      | Reached * piety under Okawaru
  6676 | D:8      | Reached skill level 1 in Invocations
  6695 | D:8      | Found a shimmering altar of Xom.
  6730 | D:8      | 6730 ||| Stepping ~*~*~tactically~*~*~ (stealth).
  6731 | D:8      | 6731 ||| Stepping ~*~*~tactically~*~*~ (hiding).
  6732 | D:8      | 6732 ||| Stepping ~*~*~tactically~*~*~ (hiding).
  6732 | D:8      | Noticed a troll
  6733 | D:8      | 6733 ||| INVOKING Heroism.
  6736 | D:8      | 6736 ||| DRINKING 3 potions of curing.
  6736 | D:8      | 6736 ||| (to cure confusion)
  6746 | D:8      | 6746 ||| INVOKING Heroism.
  6753 | D:8      | HP: 5/55 [troll (13)]
  6754 | D:8      | 6754 ||| READING scroll of teleportation.
  6754 | D:8      | Slain by a troll

Levels and vault maps discovered:
D:1:      lemuel_arrival_behind_the_door_small, layout_loops_ring,
          ebering_ecumenical_altar_petrified, serial_bayou_crossing
D:2:      layout_loops_corners, minmay_misc_feat_chi
D:3:      minmay_chambers_of_threes, layout_basic,
          gammafunk_temple_overflow_elements, ebering_ghost_rock_garden,
          uniq_grinder
D:4:      layout_cave_pods, grunt_dithmenos_smoke, serial_park_tiny_2,
          uniq_eustachio
D:5:      layout_loops_ring, mainiacjoe_overflow_small_starburst
D:6:      layout_basic, lemuel_tele_altar, uniq_edmund, uniq_menkaure,
          uniq_blork_the_orc
D:7:      layout_cave_pools, minmay_temple_entry_arrows
D:8:      layout_rooms, xom_redecorated, biasface_ghost_orc_armoury,
          minmay_shattered_shrine
Temple:   nicolae_temple_great_sept

Skill      XL: |  1  2  3  4  5  6  7  8  9 |
---------------+----------------------------+-----
Axes           | 2 3 4 6 7 8 |  8.5
Fighting       | 4 5 6 |  6.3
Dodging        | 1 |  1.1
Throwing       | 1 |  1.1
Shields        | 7 8 |  8.0
Armour         | 4 |  4.1
Invocations    | 2 |  2.5

Action                   |  1- 3 |  4- 6 |  7- 9 || total
-------------------------+-------+-------+-------++-------
Melee: War axe           |    88 |   122 |   254 ||   464
Throw: Boomerang         |       |       |    52 ||    52
Invok: Heroism           |       |       |     2 ||     2
  Use: Scroll            |     4 |     5 |    11 ||    20
       Potion            |     2 |       |     2 ||     4
 Stab: Distracted        |       |       |     1 ||     1
       Paralysed         |       |       |     2 ||     2
Armor: Scale mail        |    50 |     1 |       ||    51
       Chain mail        |       |    91 |   176 ||   267
Dodge: Dodged            |    47 |    48 |    60 ||   155
Block: Buckler           |    20 |    23 |    32 ||    75
       Kite shield       |       |       |    59 ||    59

Table legend:
 A = Non-vault XP
 B = Vault XP
 C = Vault XP percentage of total XP
 D = Non-vault monster count
 E = Vault monster count
 F = Vault count percentage of total count
                 A         B        C        D         E       F
            +---------+---------+-------+---------+---------+-------
      Total |    2938 |     967 |  24.8 |     107 |      17 |  13.7
            +---------+---------+-------+---------+---------+-------
        D:1 |      58 |       0 |   0.0 |      25 |       0 |   0.0
        D:2 |      16 |       0 |   0.0 |      11 |       0 |   0.0
        D:3 |     194 |     323 |  62.5 |      24 |      13 |  35.1
        D:4 |     391 |     208 |  34.7 |      14 |       1 |   6.7
        D:5 |     390 |       0 |   0.0 |       7 |       0 |   0.0
        D:6 |     196 |     436 |  69.0 |       5 |       3 |  37.5
        D:7 |    1121 |       0 |   0.0 |      11 |       0 |   0.0
        D:8 |     572 |       0 |   0.0 |      10 |       0 |   0.0
            +---------+---------+-------+---------+---------+-------
